 Dungeon Crawl Stone Soup version 0.30-a0-358-g0d69a1922f (webtiles) character file.

Game seed: 15770104485450741142

63 Maxmaps the Trooper (level 4, -3/31 HPs)
             Began as an Octopode Transmuter on Nov 10, 2022.
             Succumbed to Crazy Yiuf's poison
             ... on level 2 of the Dungeon.
             The game lasted 00:02:53 (1713 turns).

Maxmaps the Trooper (Octopode Transmuter)           Turns: 1713, Time: 00:02:54

Health: -3/31      AC:  2    Str:  9    XL:     4   Next: 10%
Magic:  4/7        EV: 19    Int: 17    God:
Gold:   132        SH:  0    Dex: 17    Spells: 3/7 levels left

rFire   . . .      SeeInvis .      - Unarmed
rCold   . . .      Faith    .    (shield currently unavailable)
rNeg    . . .      Spirit   .    (helmet currently unavailable)
rPois   x          Reflect  .    (no amulet)
rElec   .          Harm     .    (no ring)
rCorr   .          Rampage  .    (no ring)
Will    .....                    (no ring)
Stlth   ++........               (no ring)
HPRegen 0.25/turn                (no ring)
MPRegen 0.10/turn                (no ring)
                                 (no ring)
                                 (no ring)

@: lethally poisoned (-3 -> -38), spider-form
A: venomous fangs, almost no armour, (amphibious), 8 rings, tiny, (camouflage
1), (gelatinous body 1), (nimble swimmer 1), (tentacles)
a: End Transformation


You were on level 2 of the Dungeon.
You were a venomous arachnid creature.
You visited 1 branch of the dungeon, and saw 2 of its levels.

You collected 132 gold pieces.

Inventory:

Scrolls
 b - a scroll of poison {unknown}
 c - a scroll of vulnerability {unknown}
 d - a scroll of teleportation {unknown}
 e - a scroll of brand weapon {unknown}
 f - 4 scrolls of identify {unknown}
 i - 2 scrolls of enchant weapon {unknown}
 l - a scroll of magic mapping {unknown}
 m - a scroll of fear {unknown}
Potions
 a - a potion of lignification
 g - a potion of flight {unknown}
 h - a potion of degeneration {unknown}
 j - a potion of curing {unknown}
 k - a potion of heal wounds {unknown}


   Skills:
 - Level 3.1 Fighting
 - Level 2.0 Dodging
 - Level 3.0 Unarmed Combat
 - Level 2.0 Spellcasting
 - Level 2.0 Transmutations
 + Level 2.2 Poison Magic


You had 3 spell levels left.
You knew the following spells:

 Your Spells              Type           Power      Damage    Failure   Level
a - Beastly Appendage     Tmut           16%        N/A       22%         1
b - Spider Form           Tmut/Pois      8%         N/A       45%         3

Your spell library contained the following spells:

 Spells                   Type           Power      Damage    Failure   Level
 Wereblood                Tmut           8%         N/A       30%         2
 Ice Form                 Ice/Tmut       5%         N/A       90%         4


Dungeon Overview and Level Annotations

Branches:
Dungeon (2/15)

Altars:

Annotations:
D:2 Crazy Yiuf


Innate Abilities, Weirdness & Mutations

You are a venomous arachnid creature.
You have poisonous fangs.
You are tiny and dextrous.
Your spellcasting is less reliable in this form.
Your armour is entirely melded.
You are incapable of wielding weapons or throwing items.
You cannot wear most types of armour.
((You are amphibious.))
You can wear up to eight rings at the same time.
((Your skin changes colour to match your surroundings (Stealth+).))
((Your rubbery body absorbs attacks. (AC +1, EV +1)))
((You are camouflaged when in or above water. (Stealth+)))
((You have tentacles for arms and can constrict up to eight enemies at once.))


Message History

You constrict the fungus. x3
You tentacle-slap the fungus. You squeeze the fungus!
The fungus is lightly damaged.
You constrict the fungus. x2
You constrict the fungus, but do no damage.
A nearby fungus withers and dies.
You lose your grip on the fungus.
You release your grip on the fungus. x2
You tentacle-slap the fungus.
The fungus begins to die.
You grab the fungus. You squeeze the fungus.
The fungus is lightly damaged.
You constrict the fungus.
A nearby fungus withers and dies.
You release your grip on the fungus.
A nearby fungus withers and dies.
Found a hammer.
Found a runed translucent door.
A nearby fungus withers and dies.
Crazy Yiuf shouts!
You open the door.
Casting: Beastly Appendage (safe; 9% risk of failure)
Confirm with . or Enter, or press ? or * to list all spells.
The spell is quite dangerous to miscast (24% risk of failure)!
Continue anyway?
Okay, then.
Casting: Spider Form (quite dangerous; 24% risk of failure)
Confirm with . or Enter, or press ? or * to list all spells.
The spell is quite dangerous to miscast (24% risk of failure)!
Continue anyway?
You turn into a venomous arachnid creature.
You completely miss Crazy Yiuf. Crazy Yiuf misses you.
You barely miss Crazy Yiuf.
Crazy Yiuf hits you with a +4 quarterstaff of chaos.
You hit Crazy Yiuf.
Crazy Yiuf is poisoned.
Crazy Yiuf is moderately wounded.
Crazy Yiuf says, "Gnoll!"
Crazy Yiuf hits you with a +4 quarterstaff of chaos!
You are lethally poisoned!
You hit Crazy Yiuf but do no damage.
Crazy Yiuf looks as sick as possible!
Crazy Yiuf is moderately wounded.
* * * LOW HITPOINT WARNING * * *
You feel extremely sick. Crazy Yiuf closely misses you.
You completely miss Crazy Yiuf.
Crazy Yiuf is moderately wounded.
You die...

.# #.#
#..###....############...
.# #.# #..# #....# ####
.# #.# #..# ♣...P♣ .# #.#
#..# ♣..♣♣♣ .# #.# ####
♣♣.♣ .# #.# ♣.♣♣
.####.##### ♣♣.♣
.#........# ♣.♣♣
.#.##.###.# ♣♣s♣ .#.##.#
#.# #g# .#.##.###.## ...
##.##.#....# #...#
#.##.#.#.## #..)#
#.##.#.#.# #####
#.##.#.#.# #.##.#.#.#
#.##.#.#.#


You could see Crazy Yiuf (extremely poisoned).

Vanquished Creatures
  2 adders (D:2)
  A worm (D:2)
  2 dart slugs (D:2)
  3 endoplasms
  2 giant cockroaches
  6 goblins
  3 hobgoblins
  2 jackals (D:2)
  3 kobolds
  6 ball pythons
  2 bats
  3 rats
35 creatures vanquished.

Vanquished Creatures (others)
  4 fungi (D:2)
4 creatures vanquished.

Grand Total: 39 creatures vanquished

Notes
Turn   | Place    | Note
-------+----------+-------------------------------------------
     0 | D:1      | Maxmaps the Octopode Transmuter began the quest for the
                  | Orb.
     0 | D:1      | Reached XP level 1. HP: 13/13 MP: 3/3
    24 | D:1      | Found a faded altar of an unknown god.
    72 | D:1      | Reached XP level 2. HP: 9/19 MP: 5/5
   738 | D:2      | Reached XP level 3. HP: 25/25 MP: 6/6
   839 | D:2      | Learned a level 3 spell: Spider Form
  1056 | D:2      | Reached skill level 1 in Poison Magic
  1452 | D:2      | Reached XP level 4. HP: 28/31 MP: 7/7
  1703 | D:2      | Found a runed translucent door.
  1704 | D:2      | Noticed Crazy Yiuf
  1713 | D:2      | Succumbed to Crazy Yiuf's poison

Illustrated notes

Levels and vault maps discovered:
D:1:      saegor_arrival_miasma, layout_basic, ebering_ecumenical_altar_hall
D:2:      layout_basic, kennysheep_path_1, minmay_heptomino_d4,
          uniq_crazy_yiuf_cottage

Skill      XL: |  1  2  3  4 |
---------------+-------------+-----
Fighting       | 2 3 |  3.1
Poison Magic   | 1 2 |  2.2
Dodging        | |  2.0
Unarmed Combat | |  3.0
Spellcasting   | |  2.0
Transmutations | |  2.0

Action                   |  1- 3 |  4- 6 || total
-------------------------+-------+-------++-------
Melee: Unarmed           |    81 |    19 ||   100
       Constrict         |    22 |     6 ||    28
       Tentacles         |    13 |     9 ||    22
       Punch             |     5 |     1 ||     6
       Kick              |     1 |       ||     1
 Cast: Beastly Appendage |     4 |       ||     4
       Spider Form       |       |     1 ||     1
 Stab: Sleeping          |     4 |       ||     4
Armor: Skin              |    13 |     1 ||    14
Dodge: Dodged            |    52 |     6 ||    58

Table legend: (Time is in decaauts)
 A = Elapsed time spent in this place.
 B = Non-inter-level travel time spent in this place.
 C = Inter-level travel time spent in this place.
 D = Time resting spent in this place.
 E = Time spent auto-exploring this place.
 F = Levels seen in this place.
 G = Mean time per level.
                   A        B        C        D        E       F      G
               +--------+--------+--------+--------+--------+-----+--------+
         Total |   1707 |   1649 |     58 |    196 |   1178 |   2 |  853.5 |
       Dungeon |   1707 |   1649 |     58 |    196 |   1178 |   2 |  853.5 |
               +--------+--------+--------+--------+--------+-----+--------+

Top non-repeatable levels by time:
     D:2: 1075 daAuts
     D:1: 631 daAuts
